 Dungeon Sprint DCSS version 0.23.1 (webtiles) character file.

Game seed: 17872611184886766288

261 nuthulu the Covert (level 5, -4/24 HPs)
             Began as a Spriggan Enchanter on Mar 7, 2019.
             Was a Follower of Dithmenos.
             Slain by a killer bee (6 damage)
             ... in the Dungeon (Sprint IV: "Fedhas' Mad Dash").
             The game lasted 00:02:25 (655 turns).

nuthulu the Covert (Spriggan Enchanter)              Turns: 655, Time: 00:02:25

Health: -4/24      AC:  2    Str:  4    XL:     5   Next: 96%
Magic:  13/14      EV: 24    Int: 16    God:    Dithmenos [*.....]
Gold:   96         SH:  0    Dex: 18    Spells: 6/15 levels left

rFire    . . .     SeeInvis +   a - +1 dagger
rCold    . . .     Gourm    .   (shield restricted)
rNeg     . . .     Faith    .   b - +0 robe
rPois    .         Spirit   .   (helmet restricted)
rElec    .         Reflect  .   (no cloak)
rCorr    .         Harm     .   (gloves unavailable)
MR       .....     NoTele   +   (boots unavailable)
Stlth    ++++++....             c - amulet of invisibility {+Inv}
HPRegen  0.08/turn              (no ring)
MPRegen  0.14/turn              (no ring)

@: lethally poisoned (-4 -> -16), wreathed by umbra, very quick
A: very small, unfitting armour, see invisible, herbivore, speed 3, slow
metabolism 2
a: Renounce Religion, Evoke Invisibility


You were in the Dungeon.
You worshipped Dithmenos.
Dithmenos was aware of your devotion.
You were not hungry.

You visited 1 branch You collected 96 gold pieces.

Inventory:

Hand Weapons
 a - a +1 dagger (weapon)
Armour
 b - a +0 robe (worn)
Jewellery
 c - the amulet of invisibility (around neck) {+Inv}
   (You found it in the Dungeon)

   [amulet of nothing]

   It lets you turn invisible.
Scrolls
 j - a scroll of blinking
 k - a scroll of fog {unknown}
Potions
 e - a potion of curing
 f - a potion of heal wounds
 g - a potion of haste
 h - 2 potions of magic
 i - a potion of berserk rage
Comestibles
 d - a ration


   Skills:
 + Level 5.4 Short Blades
 + Level 7.7 Dodging
 * Level 11.7 Stealth
 - Level 5.6 Spellcasting
 - Level 6.2 Hexes
 + Level 4.9 Evocations


You had 6 spell levels left.
You knew the following spells:

 Your Spells              Type           Power        Failure   Level  Hunger
a - Corona                Hex            ###....      1%          1    None
b - Dazzling Spray        Conj/Hex       ##....       12%         3    ##.....
c - Ensorcelled Hibernat  Hex/Ice        ##....       6%          2    #......
d - Confuse               Hex            ###.....     3%          3    ##.....

Your spell library contained the following spells:

 Spells                   Type           Power        Failure   Level  Hunger
 Tukima's Dance           Hex            ###.....     3%          3    ##.....


Dungeon Overview and Level Annotations

Branches:
Dungeon (1/1)

Altars:
Cheibriados
Dithmenos
Elyvilon
Gozag
Hepliaklqana
Kikubaaqudgha
Makhleb
Nemelex Xobeh
Okawaru
Qazlal
Ru
Sif Muna
Trog
Uskayaw
Vehumet
Wu Jian
Xom
Yredelemnul
Zin
The Shining One
Beogh
Jiyva
Lugonu

Shops:
D ![


Innate Abilities, Weirdness & Mutations

You are very small and have problems with some larger weapons.
You are too small for most types of armour.
You have supernaturally acute eyesight. (SInv)
You are a herbivore.
You cover ground extremely quickly.
You need to consume almost no food.


Message History

The killer bee goes berserk!
The killer bee stings you but does no damage.
You feel sick. The killer bee misses you. The killer bee completely misses you.
Unknown command.
Okay, then.
You hit the killer bee.
The killer bee is lightly wounded.
The killer bee closely misses you.
The killer bee rages.
The killer bee closely misses you. x2
You hit the killer bee but do no damage.
You feel sick. The killer bee completely misses you. The killer bee misses you.
The killer bee stings you! x2
* * * LOW HITPOINT WARNING * * *
You are more poisoned.
The killer bee poisons you! The killer bee completely misses you.
* * * LOW HITPOINT WARNING * * *
You feel sick. The killer bee completely misses you. The killer bee stings you.
You die...

#############################
#<..P#.....#.....#.⌠._._._._.
#PP..'.[...'.#)..'.._._._._._
#PPPP#.....#.#...#..._._._._.
###############'##.._._._._._
#...♣...y.yy@'...#._._._._._.
#%.....♣...yy#...############
#.....♣..♣..######
##+####+#####


You could see a queen bee and 4 killer bees.

Vanquished Creatures
  A scorpion (D)
  4 oklob saplings (D)
  A worker ant (D)
  2 spriggans (D)
  A river rat (D)
  A rat (D)
10 creatures vanquished.

Notes
Turn   | Place    | Note
-------+----------+-------------------------------------------
     0 | D        | nuthulu the Spriggan Enchanter began the quest for the Orb.
     0 | D        | Reached XP level 1. HP: 9/9 MP: 5/5
     8 | D        | Reached skill level 5 in Stealth
     8 | D        | Reached XP level 2. HP: 13/13 MP: 7/7
    12 | D        | Noticed an oklob sapling
    14 | D        | Killed an oklob sapling
    14 | D        | Reached skill level 7 in Stealth
    14 | D        | Reached XP level 3. HP: 16/16 MP: 7/9
    19 | D        | Learned a level 3 spell: Dazzling Spray
    22 | D        | Learned a level 2 spell: Ensorcelled Hibernation
    26 | D        | Learned a level 3 spell: Confuse
    28 | D        | Found the amulet of invisibility {+Inv}
    37 | D        | Reached skill level 5 in Dodging
    37 | D        | Reached skill level 8 in Stealth
    37 | D        | Reached skill level 5 in Hexes
   337 | D        | Noticed an oklob sapling
   340 | D        | Killed an oklob sapling
   340 | D        | Reached skill level 1 in Evocations
   340 | D        | Reached XP level 4. HP: 21/21 MP: 9/11
   351 | D        | Found an opulent altar of Gozag.
   351 | D        | Found a hazy altar of Hepliaklqana.
   351 | D        | Found a burning altar of Makhleb.
   351 | D        | Found a roughly hewn altar of Beogh.
   351 | D        | Found a sparkling altar of Nemelex Xobeh.
   351 | D        | Found a snail-covered altar of Cheibriados.
   351 | D        | Found a sacrificial altar of Ru.
   351 | D        | Found a deep blue altar of Sif Muna.
   351 | D        | Found a shimmering altar of Xom.
   351 | D        | Found a basalt altar of Yredelemnul.
   358 | D        | Found a viscous altar of Jiyva.
   358 | D        | Found a bloodstained altar of Trog.
   358 | D        | Found an ornate altar of the Wu Jian Council.
   359 | D        | Found an iron altar of Okawaru.
   359 | D        | Found a shadowy altar of Dithmenos.
   359 | D        | Found a glowing silver altar of Zin.
   360 | D        | Found an ancient bone altar of Kikubaaqudgha.
   360 | D        | Found a hide-covered altar of Uskayaw.
   361 | D        | Found a stormy altar of Qazlal.
   361 | D        | Found a white marble altar of Elyvilon.
   361 | D        | Found a glowing golden altar of the Shining One.
   362 | D        | Found a corrupted altar of Lugonu.
   362 | D        | Found a radiant altar of Vehumet.
   365 | D        | Reached skill level 9 in Stealth
   365 | D        | Reached skill level 5 in Spellcasting
   369 | D        | Became a worshipper of Dithmenos the Shadowed
   389 | D        | Reached skill level 10 in Stealth
   389 | D        | Reached XP level 5. HP: 24/24 MP: 12/14
   403 | D        | Reached * piety under Dithmenos
   403 | D        | Reached skill level 5 in Short Blades
   403 | D        | Reached skill level 11 in Stealth
   495 | D        | Found Wiucex's Armour Shop.
   495 | D        | Found Egroq's Distillery.
   503 | D        | Noticed a burning bush
   503 | D        | Noticed a wandering mushroom
   504 | D        | Noticed a wandering mushroom
   639 | D        | Noticed a queen bee
   655 | D        | Slain by a killer bee

Skill      XL: |  1  2  3  4  5 |
---------------+----------------+-----
Short Blades   | 2 3 4 5 |  5.4
Stealth        | 5 7 8 10 11 | 11.7
Spellcasting   | 3 4 5 |  5.6
Hexes          | 4 5 6 |  6.2
Dodging        | 4 5 6 7 |  7.7
Evocations     | 1 3 4 |  4.9

Action                   |  1- 3 |  4- 6 || total
-------------------------+-------+-------++-------
Melee: Dagger            |    10 |     9 ||    19
 Cast: Ensorcelled Hiber |     3 |     6 ||     9
       Dazzling Spray    |       |     1 ||     1
 Abil: Evoke Invisibilit |       |     1 ||     1
 Stab: Sleeping          |     4 |     4 ||     8
       Invisible         |       |     1 ||     1
Armor: Robe              |       |     1 ||     1
Dodge: Dodged            |     8 |    16 ||    24
